 Dungeon Crawl Stone Soup version 0.28-a0-477-g0b43c73ce0 (webtiles) character file.

Game seed: 3896418452668188044

28 Gaball the Skirmisher (level 3, -1/31 HPs)
             Began as a Palentonga Fighter on Sept 17, 2021.
             Killed from afar by Sigmund (5 damage)
             ... with a puff of flame
             ... on level 2 of the Dungeon.
             The game lasted 00:03:20 (1215 turns).

Gaball the Skirmisher (Palentonga Fighter)          Turns: 1215, Time: 00:03:21

Health: -1/31      AC:  6    Str: 19    XL:     3   Next: 0%
Magic:  3/3        EV:  7    Int:  8    God:
Gold:   45         SH:  0    Dex: 10    Spells: 2/2 levels left

rFire   . . .      SeeInvis +   a - +0 war axe
rCold   . . .      Faith    .   c - +0 buckler
rNeg    . . .      Spirit   .   b - +0 scale mail
rPois   .          Reflect  .   (no helmet)
rElec   .          Harm     .   (no cloak)
rCorr   .          Rampage  .   (no gloves)
Will    .....                   (no barding)
Stlth   ..........              (no amulet)
HPRegen 0.10/turn               (no ring)
MPRegen 0.08/turn               (no ring)

@: confused
A: large, rugged brown scales 3, see invisible, deformed body, roll 1, armoured
tail
a: Rolling Charge


You were on level 2 of the Dungeon.
You visited 1 branch of the dungeon, and saw 2 of its levels.

You collected 45 gold pieces.

Inventory:

Hand Weapons
 a - a +0 war axe (weapon)
Armour
 b - a +0 scale mail (worn)
 c - a +0 buckler (worn)
Scrolls
 g - a scroll of teleportation {unknown}
 h - a scroll of vulnerability {unknown}
 j - 2 scrolls of identify {unknown}
Potions
 d - 2 potions of might
 e - a potion of lignification {unknown}
 f - a potion of cancellation {unknown}
 i - a potion of brilliance {unknown}


   Skills:
 + Level 3.3 Fighting
 * Level 2.8 Axes
 - Level 2.4 Armour
 + Level 2.7 Shields


You had 2 spell levels left.
You didn't know any spells.
Your spell library was empty.

Dungeon Overview and Level Annotations

Branches:
Dungeon (2/15)

Altars:

Annotations:
D:2 Sigmund


Innate Abilities, Weirdness & Mutations

You are completely covered in rugged brown scales. (AC +3, +7% HP)
You have supernaturally acute eyesight. (SInv)
Armour fits poorly on your strangely shaped body.
You can roll at nearby foes to attack.
You have a long armoured tail.


Message History

You closely miss the ball python.
The ball python bites you but does no damage.
The ball python bites you.
You completely miss the ball python. The ball python barely misses you.
You hit the ball python.
You kill the ball python!
Sigmund barely misses you.
You have reached level 3!
Your experience leads to an increase in your attributes!
Increase (S)trength, (I)ntelligence, or (D)exterity?
You feel agile. You block Sigmund's attack.
You barely miss Sigmund.
Sigmund points at you and mumbles some strange words.
The puff of flame hits you!
You hit Sigmund. You tail-slap Sigmund.
Sigmund is moderately wounded.
Sigmund barely misses you.
You slash Sigmund!
Sigmund is heavily wounded.
Sigmund barely misses you.
You closely miss Sigmund.
Sigmund is heavily wounded.
Sigmund casts a spell at you.
You are confused.
You are too confused!
You are too confused!
You miss Sigmund.
Sigmund is heavily wounded.
Sigmund points at you and mumbles some strange words.
You are more confused.
You bump into the rock wall.
Sigmund hits you with a +0 scythe.
You're too confused to move!
Sigmund hits you from afar with a +0 scythe!
* * * LOW HITPOINT WARNING * * *
You bump into the rock wall.
Sigmund screams, "I am the angel of ZOT!!!"
Sigmund gestures at you while chanting. The puff of flame hits you.
You die...

#.....##### #..<.......
#.....##### #.....#
###.### ##.# #..# .#
#.#####.#######...#.
........@.@.........
#..####.###.#####..
#.......##.# #..
#.....#.##.# #.#
#...>.#)##.#####.# .#
##...^........##.####.#
#......#.@##.........##
#......................
######...#.####.######.


You could see Sigmund (invisible).

Vanquished Creatures
  2 dart slugs (D:1)
  3 ball pythons
  3 bats (D:1)
  A goblin (D:1)
  2 hobgoblins (D:1)
  7 quokkas
  3 kobolds (D:1)
21 creatures vanquished.

Notes
Turn   | Place    | Note
-------+----------+-------------------------------------------
     0 | D:1      | Gaball the Palentonga Fighter began the quest for the Orb.
     0 | D:1      | Reached XP level 1. HP: 19/19 MP: 1/1
   168 | D:1      | Reached XP level 2. HP: 15/25 MP: 2/2
  1177 | D:2      | Noticed Sigmund
  1206 | D:2      | Reached XP level 3. HP: 25/31 MP: 3/3
  1215 | D:2      | Killed from afar by Sigmund

Illustrated notes

Levels and vault maps discovered:
D:1:      dpeg_arrival_rhombi, layout_loops_corners, minivault_24
D:2:      layout_rooms, basic_ecumenical_altar, uniq_terence, uniq_sigmund

Action                   || total
-------------------------++-------
Melee: War axe           ||    65
       Tailslap          ||     5
Armor: Scale mail        ||    38
Dodge: Dodged            ||    21
Block: Buckler           ||    15

Table legend: (Time is in decaauts)
 A = Elapsed time spent in this place.
 B = Non-inter-level travel time spent in this place.
 C = Inter-level travel time spent in this place.
 D = Time resting spent in this place.
 E = Time spent auto-exploring this place.
 F = Levels seen in this place.
 G = Mean time per level.
                   A        B        C        D        E       F      G
               +--------+--------+--------+--------+--------+-----+--------+
         Total |   1238 |   1220 |     18 |    124 |    917 |   2 |  619.0 |
       Dungeon |   1238 |   1220 |     18 |    124 |    917 |   2 |  619.0 |
               +--------+--------+--------+--------+--------+-----+--------+

Top non-repeatable levels by time:
     D:1: 1154 daAuts
     D:2: 83 daAuts
